Map: Orbital Shipyard

Players

ManKhachia - Winner!

  • Race: Zerg Zerg
  • League: Diamond

ReMiiX

  • Race: Terran Terran
  • League: Diamond

VOD

Have the link to the VOD?

Description

Time

  • Played on: Nov. 13, 2015, 2:56 a.m.
  • Length: 12:52
Show
View Real Time Build Order
Export as new Build Order

ManKhachia Zerg - Winner!

Build Orders: Hatch First 

Get SALT Encoding   

  12  0:08  Overlord  
  12  0:13  Drone  
  13  0:18  Drone  
  14  0:27  Drone  
  15  0:31  Drone  
  16  0:53  Drone  
  16  0:54  Hatchery  
  16  0:57  Drone  
  16  1:03  Drone  
  18  1:14  Spawning Pool  
  18  1:17  Drone  
  18  1:25  Drone  
  19  1:35  Drone  
  20  1:45  Hatchery  
  19  1:48  Drone  
  20  2:06  Queen x2  
  20  2:08  Zergling x2  
  25  2:10  Zergling x2  
  25  2:14  Zergling x2  
  27  2:19  Overlord  
  27  2:25  Drone  
  27  2:48  Drone x4  
  27  2:50  Queen  
  33  2:53  Queen  
  35  2:58  Overlord  
  35  3:04  Extractor x2  
  33  3:08  Drone x2  
  35  3:26  Drone x4  
  38  3:34  Overlord  
  38  3:35  Drone x3  
  41  3:43  Spine Crawler  
  40  3:49  Lair  
  40  4:02  Drone  
  41  4:03  Drone  
  41  4:07  Roach Warren  
  41  4:13  Drone  
  41  4:14  Drone x2  
  43  4:21  Drone x2  
  44  4:25  Evolution Chamber  
  43  4:33  Drone x5  
  43  4:34  Drone x2  
  43  4:36  Extractor  
  43  4:37  Extractor  
  46  4:55  Glial Reconstitution, Roach x3  
  46  4:58  Zerg Ground Armor Level 1  
  52  5:00  Drone  
  52  5:01  Drone x2  
  52  5:05  Drone x2  
  57  5:14  Drone  
  57  5:15  Overlord  
  57  5:16  Overlord  
  57  5:21  Overseer  
  58  5:36  Drone x10  
  58  5:38  Overlord  
  58  5:40  Ravager x2  
  58  5:41  Ravager  
  71  5:45  Queen  
  73  5:52  Overlord  
  73  5:55  Overlord  
  72  6:21  Drone x5  
  72  6:23  Roach x2  
  72  6:24  Overlord, Roach  
  83  6:28  Drone x3  
  83  6:29  Drone x3  
  83  6:32  Extractor x2  
  88  6:34  Infestation Pit  
  86  6:40  Drone x3  
  86  6:41  Drone x2  
  86  6:44  Overlord  
  91  6:47  Hatchery  
  91  6:52  Ravager  
  91  6:59  Roach  
  91  7:00  Roach x6  
  105  7:12  Roach x3  
  103  7:16  Roach  
  103  7:17  Overlord x2  
  103  7:18  Overlord  
  99  7:23  Roach x2  
  99  7:29  Zerg Ground Armor Level 2  
  100  7:36  Roach  
  102  7:37  Roach x8  
  102  7:40  Ravager  
  102  7:41  Ravager x3  
  124  7:51  Roach  
  124  7:52  Roach x3  
  124  7:54  Hive  
  124  7:56  Hatchery  
  124  7:57  Overlord  
  124  7:58  Overlord  
  128  8:08  Roach  
  128  8:09  Roach x3  
  128  8:11  Overlord  
  136  8:15  Overlord x4  
  136  8:25  Roach x6  
  136  8:26  Roach  
  150  8:32  Overlord  
  150  8:39  Hatchery  
  149  8:41  Overseer  
  149  8:47  Ravager  
  149  8:48  Ravager x5  
  155  8:50  Roach  
  155  8:51  Roach x3  
  155  8:52  Overlord  
  161  9:08  Spawning Pool  
  160  9:15  Roach x3  
  160  9:16  Roach x6  
  178  9:23  Nydus Network  
  177  9:24  Overseer  
  177  9:29  Drone  
  177  9:30  Drone x4  
  182  9:35  Viper  
  182  9:37  Overlord x2  
  185  9:39  Roach x2  
  188  9:48  Roach x5  
  197  9:57  Roach  
  197  9:58  Overlord  
  199  10:08  Nydus Canal  
  191  10:25  Roach x4  
  147  10:36  Roach  
  147  10:38  Roach  
  147  10:42  Roach x4  
  165  10:43  Roach x5  
  148  11:05  Roach x3  
  148  11:06  Roach x6  
  148  11:10  Ravager x2  
  136  11:20  Roach  
  136  11:21  Roach x7  
  141  11:31  Roach x4  
  144  11:38  Nydus Canal  
  139  11:43  Roach x5  
  139  11:46  Queen x4  
  153  11:53  Roach  
  153  11:54  Roach x2  
  151  12:02  Ravager  
  151  12:03  Ravager x2  
  151  12:04  Ravager x2  
  151  12:05  Hatchery  
  151  12:10  Roach x6  
  151  12:12  Hatchery  
  151  12:14  Ravager x2  
  151  12:15  Ravager  
  165  12:21  Overlord x2  
Show
View Real Time Build Order
Export as new Build Order

ReMiiX Terran 

Build Orders: Reaper Expand, MMM Bio 

Get SALT Encoding   

  12  0:00  SCV  
  13  0:13  SCV  
  14  0:17  Supply Depot  
  14  0:25  SCV  
  15  0:39  SCV  
  15  0:41  Barracks  
  16  0:43  Refinery  
  16  0:51  SCV  
  17  1:03  SCV  
  18  1:15  SCV  
  19  1:28  Reaper  
  19  1:29  Orbital Command  
  20  1:39  Command Center  
  20  1:50  Supply Depot  
  20  1:55  SCV  
  20  2:00  Reaper  
  22  2:07  SCV  
  23  2:19  SCV  
  23  2:22  Factory  
  24  2:46  SCV  
  25  2:52  Barracks Reactor  
  25  2:53  Command Center, Orbital Command  
  26  2:58  SCV  
  26  3:02  Barracks  
  26  3:05  Barracks  
  26  3:10  SCV  
  27  3:22  SCV  
  28  3:33  SCV  
  29  3:34  SCV  
  29  3:37  Hellion x2, Refinery  
  29  3:39  Barracks Tech Lab  
  34  3:45  SCV  
  34  3:46  SCV  
  36  3:55  Barracks Reactor x2  
  36  3:57  SCV  
  36  3:59  SCV, Hellion  
  36  4:01  Hellion  
  42  4:09  SCV  
  43  4:11  SCV  
  44  4:21  SCV  
  44  4:23  SCV, Hellion x2  
  51  4:26  Stimpack, Marine  
  51  4:29  Orbital Command  
  51  4:34  SCV, Armory  
  51  4:35  SCV  
  51  4:54  Hellion x2, Marine x3  
  51  4:55  Marauder, Marine  
  61  5:11  Engineering Bay  
  61  5:12  Starport  
  61  5:14  Refinery, Engineering Bay  
  61  5:17  Refinery  
  61  5:18  Orbital Command  
  61  5:26  Supply Depot  
  61  5:28  Supply Depot  
  61  5:29  Supply Depot x2  
  61  5:45  Terran Infantry Weapons Level 1, Terran Infantry Armor Level 1  
  61  5:47  Marine x3  
  61  5:48  SCV x3, Hellion  
  69  5:50  Hellbat  
  69  5:52  Marauder  
  69  5:53  Starport Reactor  
  69  5:55  Barracks  
  73  6:00  SCV x3, Barracks  
  75  6:07  Hellion  
  70  6:12  SCV x2  
  66  6:19  Marauder  
  66  6:20  Marine x4  
  68  6:26  SCV x3  
  71  6:33  Concussive Shells  
  71  6:35  Medivac x2  
  71  6:38  SCV x3  
  71  6:39  Supply Depot  
  78  6:40  Supply Depot  
  78  6:43  Supply Depot  
  78  6:54  Barracks Tech Lab x2  
  78  6:56  Marine  
  78  6:57  Marine x4  
  78  6:58  Barracks  
  83  7:01  Barracks  
  83  7:14  Marine  
  73  7:26  Marauder x3, Marine x3  
  73  7:29  Widow Mine x2, Medivac x2  
  83  7:32  Marine  
  83  7:34  SCV x2  
  83  7:35  SCV  
  89  7:37  Command Center  
  89  7:42  Combat Shields  
  89  7:44  Marine  
  90  7:45  Barracks Tech Lab  
  90  7:46  Terran Infantry Weapons Level 2  
  90  7:47  Terran Infantry Armor Level 2  
  90  7:50  SCV, Supply Depot  
  91  7:54  Supply Depot  
  91  8:00  Refinery, Marauder x2  
  95  8:19  Marauder, Marine x3  
  100  8:20  Marine, Marauder  
  100  8:21  Barracks Tech Lab, Marauder  
  100  8:23  Medivac x2  
  100  8:26  SCV x2  
  111  8:40  Marine x2, Marauder x2  
  111  8:41  Marauder  
  119  8:45  Supply Depot  
  119  8:46  Supply Depot  
  119  8:49  Supply Depot  
  114  9:13  Marine x3, Marauder x4  
  114  9:14  Marine, Marauder  
  128  9:29  Barracks  
  128  9:30  Barracks  
  128  9:31  Barracks, Marine  
  128  9:33  Barracks  
  129  9:49  Marine x4, Marauder x5  
  85  10:00  Medivac x2  
  147  10:10  Marauder x2  
  147  10:11  Marauder x3  
  133  10:32  Marine, Marauder x3  
  133  10:33  Marine x3, Marauder x2  
  133  10:35  Barracks Tech Lab x3  
  110  10:36  Barracks Tech Lab  
  106  10:45  Medivac x2  
  110  10:50  Marine x2  
  110  10:54  Marauder x4  
  106  11:07  Marauder x5  
  105  11:15  Marauder x4  
  85  11:33  Marine  
  85  11:34  Marine x8  
  85  11:36  Marine x3  
  85  11:39  Medivac x2  
  82  11:53  Marine  
  46  12:09  Medivac x2  
  46  12:11  Marine x4, Marauder x4  
  46  12:12  Marine x2  
  63  12:30  Marauder  
Tags
 
Add a new tag
Caveats
  • Supply blocks, unpowered buildings, or Contaminate may cause inaccurate times.
  • Supply counts are checked every 10 seconds.